 Dungeon Crawl Stone Soup version 0.30-a0-385-gfebfb9b408 (webtiles) character file.

Game seed: 4178185802941288153

192 vineage the Trooper (level 5, -4/59 HPs)
             Began as an Ogre Fighter on Dec 2, 2022.
             Slain by a gnoll
             ... wielding a +0 flail
             ... led by a gnoll bouda
              (12 damage)
             ... on level 3 of the Dungeon.
             The game lasted 00:02:32 (2459 turns).

vineage the Trooper (Ogre Fighter)                  Turns: 2459, Time: 00:02:33

Health: -4/59      AC:  4    Str: 22    XL:     5   Next: 71%
Magic:  5/5        EV:  8    Int:  9    God:
Gold:   153        SH:  7    Dex:  8    Spells: 4/4 levels left

rFire   . . .      SeeInvis .    a - +0 flail
rCold   . . .      Faith    .    c - +0 kite shield
rNeg    . . .      Spirit   .    b - +1 robe
rPois   .          Reflect  .    (helmet restricted)
rElec   .          Harm     .    (no cloak)
rCorr   .          Rampage  .    (gloves unavailable)
Will    .....                    (boots unavailable)
Stlth   +.........               (no amulet)
HPRegen 0.29/turn                (no ring)
MPRegen 0.09/turn                (no ring)

@: mighty, weakened
A: large, unfitting armour, tough skin 1
a: no special abilities


You were on level 3 of the Dungeon.
You visited 1 branch of the dungeon, and saw 4 of its levels.

You collected 153 gold pieces.

Inventory:

Hand Weapons
 a - a +0 flail (weapon)
Armour
 b - a +1 robe (worn)
 c - a +0 kite shield (worn)
Scrolls
 f - 2 scrolls of teleportation
 k - 5 scrolls of identify
 m - a scroll of fog
Potions
 g - 2 potions of heal wounds {unknown}
 h - a potion of mutation {unknown}
 j - a potion of attraction {unknown}
 l - a potion of haste {unknown}


   Skills:
 * Level 6.0 Fighting
 * Level 3.5 Maces & Flails
 + Level 3.4 Dodging
 - Level 3.0 Shields


You had 4 spell levels left.
You didn't know any spells.
Your spell library contained the following spells:

 Spells                   Type           Power      Damage    Failure   Level
 Static Discharge         Conj/Air       0%         2-2/arc   82%         2
 Vhi's Electric Charge    Tloc/Air       0%         N/A       96%         3
 Arcjolt                  Conj/Air       0%         1d10      100%        5
 Lightning Bolt           Conj/Air       0%         1d11      100%        5


Dungeon Overview and Level Annotations

Branches:
Dungeon (4/15)
 Temple: D:4-7

Altars:
Vehumet

Shops:
D:3 ?


Innate Abilities, Weirdness & Mutations

You are too large for most types of armour.
You have tough skin. (AC +1)


Message History

You are too injured to fight recklessly!
You are too injured to fight recklessly!
You are too injured to fight recklessly!
You are too injured to fight recklessly!
You are too injured to fight recklessly!
You are too injured to fight recklessly!
You are too injured to fight recklessly!
You are too injured to fight recklessly!
You thump the gnoll bouda!
The gnoll bouda is severely wounded.
The gnoll bouda mumbles some strange prayers to its god.
The gnoll bouda is healed somewhat.
The gnoll bouda hits you with a +0 whip!
You hit the gnoll bouda.
The gnoll bouda is severely wounded.
The gnoll bouda gazes fiercely through you!
You feel as though you will be weak longer.
The gnoll bouda hits you but does no damage.
You hit the gnoll bouda but do no damage.
The gnoll bouda is severely wounded.
The gnoll bouda hits you with a +0 whip.
* * * LOW HITPOINT WARNING * * *
The gnoll bouda closely misses you.
You barely miss the gnoll bouda.
The gnoll bouda is severely wounded.
The gnoll bouda hits you with a +0 whip!
* * * LOW HITPOINT WARNING * * *
You feel better. The gnoll bouda closely misses you.
You feel very mighty all of a sudden.
The gnoll bouda hits you but does no damage.
You sock the gnoll bouda!
You kill the gnoll bouda!
The gnoll hits you with a +0 flail!
* * * LOW HITPOINT WARNING * * *
Your Fighting skill increases to level 6!
You closely miss the gnoll. You block the gnoll's attack.
You sock the gnoll!
The gnoll is severely wounded.
The gnoll hits you with a +0 flail!
You die...

##################
#............[...#
#.##############.#
########## #.#
#######.####.........
#.#
#......#)).#.#####...
#.# #.###g###..#.#
#.## #.# #.##@##
##...#####.# #.#
#...## ##........##
#.# #..#.##
##.######.... #.#
#..##.###..# ##.##
#.# #..###.#.#.# #.#.
#.# #..####.##.# #.##
#.# #..##...##.#
##.## #<#
#..##.####.# #...#
#.# #.......##.#
###...#


You could see a gnoll (swift).

Vanquished Creatures
  An orc priest (D:3)
  A gnoll bouda (D:3)
  4 adders
  A gnoll (D:3)
  A worm (D:3)
  2 dart slugs (D:3)
  5 orcs (D:3)
  6 ball pythons
  4 bats
  4 endoplasms
  5 giant cockroaches
  7 goblins
  11 hobgoblins
  2 jackals (D:2)
  5 kobolds
  2 quokkas (D:2)
  6 frilled lizards
  5 rats
72 creatures vanquished.

Notes
Turn   | Place    | Note
-------+----------+-------------------------------------------
     0 | D:1      | vineage the Ogre Fighter began the quest for the Orb.
     0 | D:1      | Reached XP level 1. HP: 24/24 MP: 1/1
    56 | D:1      | Found a faded altar of an unknown god.
   274 | D:1      | Reached XP level 2. HP: 25/32 MP: 2/2
   541 | D:2      | Reached XP level 3. HP: 40/40 MP: 3/3
   817 | D:2      | Reached skill level 5 in Fighting
   982 | D:2      | Reached XP level 4. HP: 50/50 MP: 4/4
  1538 | D:3      | Reached XP level 5. HP: 57/57 MP: 5/5
  1638 | D:3      | Found Iqaov's Magic Scroll Boutique.
  2065 | D:3      | Found a radiant altar of Vehumet.
  2458 | D:3      | Reached skill level 6 in Fighting
  2459 | D:3      | Slain by a gnoll

Illustrated notes

Levels and vault maps discovered:
D:1:      lemuel_arrival_broad_hall, layout_rooms,
          shapermc_ecumenical_altar_petra
D:2:      layout_loops_ring, chequers_avenue
D:3:      layout_loops_ring, marbit_many_paths, serial_shops, shop,
          saegor_snake_ambush
D:4:      layout_gridville

Skill      XL: |  1  2  3  4  5 |
---------------+----------------+-----
Maces & Flails | 2 3 |  3.5
Dodging        | 3 |  3.4
Fighting       | 5 6 |  6.0
Shields        | |  3.0

Action                   |  1- 3 |  4- 6 || total
-------------------------+-------+-------++-------
Melee: Flail             |   104 |   124 ||   228
  Use: Scroll            |     3 |     2 ||     5
       Potion            |       |     2 ||     2
Armor: Robe              |    46 |    37 ||    83
Dodge: Dodged            |    53 |    40 ||    93
Block: Kite shield       |    41 |    39 ||    80

Table legend: (Time is in decaauts)
 A = Elapsed time spent in this place.
 B = Non-inter-level travel time spent in this place.
 C = Inter-level travel time spent in this place.
 D = Time resting spent in this place.
 E = Time spent auto-exploring this place.
 F = Levels seen in this place.
 G = Mean time per level.
                   A        B        C        D        E       F      G
               +--------+--------+--------+--------+--------+-----+--------+
         Total |   2569 |   2438 |    131 |     64 |   1830 |   4 |  642.2 |
       Dungeon |   2569 |   2438 |    131 |     64 |   1830 |   4 |  642.2 |
               +--------+--------+--------+--------+--------+-----+--------+

Top non-repeatable levels by time:
     D:3: 1126 daAuts
     D:2: 904 daAuts
     D:1: 495 daAuts
     D:4: 43 daAuts
